 Dungeon Crawl Stone Soup version 0.30.1-11-g7821555f0a (webtiles) character file.

Game seed: 13553990833612315166

14679 Eitelfritz the Carver (level 11, -1/89 HPs)
             Began as a Minotaur Gladiator on Dec 30, 2023.
             Was a Follower of Hepliaklqana.
             Slain by a tentacled starspawn (6 damage)
             ... on level 1 of the Abyss.
             The game lasted 00:28:45 (11562 turns).

Eitelfritz the Carver (Minotaur Gladiator)         Turns: 11562, Time: 00:28:45

Health: -1/89      AC: 25    Str: 20    XL:     11   Next: 91%
Magic:  10/10      EV:  8    Int:  9    God:    Hepliaklqana [*.....]
Gold:   351        SH:  5    Dex: 11    Spells: 10/10 levels left

rFire   . . .        a - +3 long sword (spect)
rCold   + . .        (no shield)
rNeg    . . .        N - +4 chain mail {rC+}
rPois   .            z - +2 hat
rElec   .            K - +0 cloak
rCorr   .            (no gloves)
SInv    .            J - +1 pair of boots
Will    +....        h - amulet of reflection Stlth
                     i - +4 ring of protection
HPRegen 0.00/turn    y - ring of willpower
MPRegen 0.12/turn

%: reflection
@: sick, hasted, constricted, very quick
A: reduced essence, horns 2, retaliatory headbutt
a: Renounce Religion, Recall Ancestor, Ancestor Identity


You were on level 1 of the Abyss.
You worshipped Hepliaklqana.
Hepliaklqana was aware of your devotion.
You visited 2 branches of the dungeon, and saw 13 of its levels.
You visited the Abyss 1 time.
You also visited: Ossuary and Bailey.

You collected 748 gold pieces.
You spent 397 gold pieces at shops.

Inventory:

Hand Weapons
 a - a +3 spectral long sword (weapon)
 b - a +2 shortbow of flaming
 c - a +0 scimitar of flaming
Missiles
 d - 2 throwing nets (quivered)
 e - a javelin
 q - 11 poisoned darts
 u - 4 atropa-tipped darts
 I - 3 boomerangs
Armour
 z - a +2 hat (worn)
 J - a +1 pair of boots (worn)
 K - a +0 cloak (worn)
 N - a +4 chain mail of cold resistance (worn)
 R - the orb "Seizxeq" {light, rF- MP+9 SInv Stlth-}
   (You found it on level 9 of the Dungeon)

   rF:        It makes you vulnerable to fire.
   MP:        It affects your magic capacity (+9).
   SInv:      It lets you see invisible.
   Stlth:     It makes you less stealthy.
Jewellery
 g - an amulet of the acrobat
 h - an amulet of reflection (around neck)
 i - a +4 ring of protection (left hand)
 l - a ring of poison resistance
 s - a ring of protection from fire
 y - a ring of willpower (right hand)
 H - a +5 ring of evasion
 S - a ring "Plog" {Ice +Blink rElec rN+ rCorr Int+5}
   (You found it on level 10 of the Dungeon)

   [ring of ice]

   It enhances your ice magic.
   Int:       It affects your intelligence (+5).
   rF:        It makes you vulnerable to fire.
   rC:        It protects you from cold.
   rElec:     It insulates you from electricity.
   rN:        It protects you from negative energy.
   +Blink:    It lets you blink.
   rCorr:     It protects you from acid and corrosion.
Wands
 k - a wand of polymorph (13)
 w - a wand of digging (5)
 B - a wand of iceblast (10)
 U - a wand of quicksilver (7)
Scrolls
 m - 4 scrolls of teleportation
 r - a scroll of summoning {unknown}
 t - a scroll of blinking
 v - a scroll of fog
 x - a scroll of silence
 A - 2 scrolls of poison
 D - a scroll of identify
 G - 3 scrolls of magic mapping
 Q - a scroll of enchant weapon
Potions
 f - 10 potions of curing
 j - a potion of haste
 n - 3 potions of brilliance
 o - a potion of ambrosia
 p - 3 potions of might
 C - 2 potions of flight
 F - a potion of berserk rage
 L - a potion of cancellation {unknown}
 M - a potion of mutation {unknown}
 O - 3 potions of magic {unknown}
 P - 2 potions of resistance {unknown}
 T - a potion of attraction {unknown}


   Skills:
 + Level 10.0 Fighting
 + Level 14.4 Long Blades
 + Level 2.3 Throwing
 + Level 9.8 Armour
 + Level 8.7 Dodging
 + Level 3.3 Stealth
 + Level 7.2 Shields


You had 10 spell levels left.
You didn't know any spells.
Your spell library contained the following spells:

 Spells                   Type           Power      Damage    Failure   Level
 Slow                     Hex            0%         N/A       92%         1
 Blink                    Tloc           0%         N/A       98%         2
 Sublimation of Blood     Necr           0%         N/A       98%         2
 Wereblood                Tmut           0%         N/A       98%         2
 Confusing Touch          Hex            0%         N/A       100%        3
 Dazzling Flash           Conj/Hex       0%         N/A       100%        3
 Ozocubu's Armour         Ice            0%         N/A       100%        3
 Vampiric Draining        Necr           0%         2d6       100%        3
 Volatile Blastmotes      Fire/Tloc      0%         2d10      100%        3
 Iskenderun's Mystic Bla  Conj/Tloc      0%         2d3       100%        4
 Manifold Assault         Tloc           0%         N/A       100%        4
 Metabolic Englaciation   Hex/Ice        0%         N/A       100%        5
 Simulacrum               Ice/Necr       0%         N/A       100%        6
 Starburst                Conj/Fire      0%         6d3       100%        6
 Storm Form               Tmut/Air       0%         N/A       100%        7
 Summon Hydra             Summ           0%         N/A       100%        7


Dungeon Overview and Level Annotations

Branches:
Dungeon (13/15)            Temple (1/1) D:5            Lair (0/5) D:10
Ossuary (visited)          Bailey (visited)
    Orc: D:9-12      Vaults: D:13-14

Altars:
Ashenzari
Cheibriados
Dithmenos
Elyvilon
Fedhas
Gozag
Hepliaklqana
Kikubaaqudgha
Makhleb
Nemelex Xobeh
Okawaru
Qazlal
Ru
Sif Muna
Trog
Uskayaw
Vehumet
Wu Jian
Xom
Yredelemnul
Zin
The Shining One

Shops:
D:6 (   D:8 [   D:10 (

Annotations:
D:13 Sonja
Abyss:1 2 transporters


Innate Abilities, Weirdness & Mutations

Your life essence is reduced to manifest your ancestor. (-10% HP)
You have a pair of horns on your head.
You reflexively headbutt those who attack you in melee.


Message History

You swap places.
Found a book of Spatial Translocations.
Your +3 spectral long sword disappears.
The moth of wrath goads the tentacled monstrosity on!
The tentacled monstrosity goes berserk!
The starcursed mass touches you.
* * * LOW HITPOINT WARNING * * *
The tentacled starspawn barely misses you.
You furiously retaliate!
You headbutt the tentacled starspawn.
The tentacled starspawn tentacle-slaps you.
* * * LOW HITPOINT WARNING * * *
You feel yourself growing ill in the presence of the ancient zyme.
The starspawn tentacle grabs you. The starspawn tentacle constricts you.
* * * LOW HITPOINT WARNING * * *
The raiju bites you but does no damage.
You escape the starspawn tentacle's grasp.
You feel yourself speed up.
The moth of wrath changes into a water nymph!
The tentacled starspawn bites you but does no damage.
The tentacled starspawn completely misses you.
A starcursed mass splits.
You feel ill. The starspawn tentacle grabs you.
The starspawn tentacle constricts you.
You hit the starcursed mass but do no damage.
You headbutt the starcursed mass.
The starcursed mass is lightly damaged.
The starcursed mass shudders and is absorbed by its neighbour.
The tentacled starspawn closely misses you.
You block the tentacled starspawn's attack.
A starcursed mass splits.
You hit the small abomination.
The small abomination is lightly damaged.
The starspawn tentacle constricts you.
The small abomination hits you but does no damage.
You block the starcursed mass's attack.
You hit the starcursed mass but do no damage.
You headbutt the starcursed mass.
The starcursed mass is lightly damaged.
The starcursed mass shudders and is absorbed by its neighbour.
The tentacled starspawn bites you.
* * * LOW HITPOINT WARNING * * *
The tentacled starspawn tentacle-slaps you.
You die...

### # ).## *©##
##w.:# #..# ##X.#
#...###@wh#
###.**mxXX###.#.
..##.ZXX.##.....#
..©#.4*X5#©.....#
..##...xx##...#.#
##.......###.# #
#...###..X# #..
....# ##...$ ...
[## ###?.# ##


You could see 2 starcursed masses, 2 tentacled monstrosities, 3 tentacled
starspawn, 3 wretched stars, an orange demon, 2 ancient zymes, a water nymph
shaped shifter, a raiju, a small abomination, 2 starspawn tentacles, a quasit
and a dire elephant zombie.

Vanquished Creatures
  2 centaur warriors (D:13)
  A two-headed ogre (D:8)
  Pikel (D:4)
  An ugly thing (D:13)
  A cyclops (D:13)
  A manticore (D:13)
  A gargoyle (Bailey)
  3 centaur skeletons (D:9)
  2 hellwings (D:9)
  2 trolls
  A meliai (shapeshifter) (D:13)
  Prince Ribbit (D:5)
  The ghost of Tamtam the Shooter, an amateur DEHs (D:3)
  Sigmund (D:2)
  A vampire (Bailey)
  2 shadows (D:10)
  A wyvern (D:10)
  A wraith (D:9)
  8 yaks (D:8)
  A steam dragon (D:4)
  4 vampire mosquitoes (D:11)
  Menkaure (D:4)
  The ghost of Slyspawn the Insei, an amateur DjTm (D:4)
  Duvessa (D:6)
  A sky beast (D:7)
  A black bear (D:6)
  An orc warrior (D:9)
  11 centaurs
  5 elf zombies (Ossuary)
  A lemure (D:4)
  A kobold brigand (D:8)
  3 bullfrogs
  A scorpion (D:6)
  3 gnoll sergeants
  9 wights
  Dowan (D:6)
  8 killer bees (D:10)
  4 howler monkeys
  3 wolf zombies (Bailey)
  7 vampire bats (Bailey)
  7 centaur zombies
  A gnoll bouda (D:9)
  3 hounds
  A jelly (D:6)
  3 orc priests
  Ijyb (D:4)
  3 human zombies (Ossuary)
  Jessica (D:3)
  4 iguanas
  5 orc wizards
  Natasha (thrice) (D:2)
  3 mummies (Ossuary)
  18 gnolls
  11 adders
  5 shadow imps
  A white imp (D:7)
  An ufetubus (D:7)
  2 worms
  A dart slug (D:2)
  15 orcs
  4 ball pythons
  3 endoplasms
  2 giant cockroaches (D:3)
  10 goblins
  9 hobgoblins
  8 jackals
  6 quokkas
  6 bats
  5 frilled lizards
  13 kobolds
  18 orc zombies (Bailey)
  8 rats
281 creatures vanquished.

Vanquished Creatures (others)
  An ancestor (D:13)
1 creature vanquished.

Grand Total: 282 creatures vanquished

Notes
Turn   | Place    | Note
-------+----------+-------------------------------------------
     0 | D:1      | Eitelfritz the Minotaur Gladiator began the quest for the
                  | Orb.
     0 | D:1      | Reached XP level 1. HP: 18/18 MP: 0/0
    51 | D:1      | Reached XP level 2. HP: 14/25 MP: 1/1
   407 | D:1      | Reached skill level 4 in Long Blades
   679 | D:1      | Reached XP level 3. HP: 30/30 MP: 2/2
  1109 | D:2      | Reached skill level 1 in Armour
  1122 | D:2      | Reached XP level 4. HP: 33/38 MP: 3/3
  1155 | D:2      | Noticed Natasha
  1162 | D:2      | Killed Natasha
  1163 | D:2      | Reached skill level 1 in Shields
  1299 | D:2      | Noticed Sigmund
  1333 | D:2      | Killed Sigmund
  1334 | D:2      | Reached skill level 5 in Long Blades
  1334 | D:2      | Reached XP level 5. HP: 17/46 MP: 4/4
  1470 | D:2      | Found a shimmering blue altar of Sif Muna.
  1517 | D:2      | Reached XP level 6. HP: 52/52 MP: 5/5
  1723 | D:2      | Noticed Natasha
  1726 | D:2      | Killed Natasha
  1839 | D:2      | Noticed Natasha
  1844 | D:2      | Killed Natasha
  1845 | D:2      | Reached skill level 1 in Stealth
  2012 | D:3      | Noticed Jessica
  2016 | D:3      | Killed Jessica
  2407 | D:3      | Found a runed translucent gate.
  2407 | D:3      | Found a runed translucent gate.
  2407 | D:3      | Found a runed translucent gate.
  2409 | D:3      | Noticed Tamtam's ghost (amateur DEHs)
  2689 | D:4      | Noticed Pikel
  2710 | D:4      | Killed Pikel
  2711 | D:4      | Reached skill level 6 in Long Blades
  2711 | D:4      | Reached skill level 5 in Dodging
  2711 | D:4      | Reached XP level 7. HP: 52/60 MP: 6/6
  2923 | D:4      | Noticed Menkaure
  2929 | D:4      | Killed Menkaure
  2930 | D:4      | Reached skill level 7 in Long Blades
  2930 | D:4      | Reached XP level 8. HP: 50/67 MP: 7/7
  2985 | D:4      | Found a runed translucent door.
  2985 | D:4      | Noticed Slyspawn's ghost (amateur DjTm)
  3258 | D:4      | Noticed Ijyb
  3264 | D:4      | Killed Ijyb
  3265 | D:4      | Reached skill level 5 in Armour
  3487 | D:4      | Killed Slyspawn's ghost
  3489 | D:4      | Reached skill level 5 in Fighting
  3604 | D:3      | Killed Tamtam's ghost
  3605 | D:3      | Reached skill level 8 in Long Blades
  3670 | D:5      | Entered Level 5 of the Dungeon
  3713 | D:5      | Found a staircase to the Ecumenical Temple.
  3731 | D:5      | Noticed Prince Ribbit
  3744 | D:5      | Killed Prince Ribbit
  3759 | Temple   | Entered the Ecumenical Temple
  4021 | D:5      | Reached skill level 9 in Long Blades
  4417 | D:5      | Reached XP level 9. HP: 68/74 MP: 8/8
  4772 | D:6      | Found Ruberio's Hydra Hut.
  4778 | D:6      | Noticed a seven-headed hydra
  4781 | D:6      | Bought a +0 scimitar of flaming for 92 gold pieces
  4839 | D:6      | Noticed Duvessa
  4840 | D:6      | Noticed Dowan
  4852 | D:6      | Killed Duvessa
  4857 | D:6      | Killed Dowan
  5044 | D:6      | Found a sand-covered staircase.
  5066 | Ossuary  | Entered an ossuary
  5176 | Ossuary  | Reached skill level 10 in Long Blades
  6747 | D:7      | Reached skill level 5 in Shields
  7137 | D:8      | Reached skill level 11 in Long Blades
  7239 | D:8      | Reached XP level 10. HP: 59/84 MP: 9/9
  7395 | D:8      | Found Curinwex's Antique Armour Boutique.
  7688 | D:8      | Noticed a two-headed ogre
  7701 | D:8      | Killed a two-headed ogre
  7948 | D:8      | Reached skill level 12 in Long Blades
  8349 | D:8      | Bought a shiny chain mail for 180 gold pieces
  8500 | D:9      | Reached XP level 11. HP: 22/95 MP: 10/10
  8577 | D:9      | Found a basalt altar of Yredelemnul.
  8612 | D:9      | Found a blossoming altar of Fedhas.
  8781 | D:9      | Reached skill level 13 in Long Blades
  8786 | D:9      | Found a flagged portal.
  8810 | Bailey   | Entered a bailey
  9645 | Temple   | Became a worshipper of Hepliaklqana the Forgotten
  9888 | D:9      | Identified the orb "Seizxeq" {light, rF- MP+9 SInv Stlth-}
 10188 | D:9      | Found a glowing golden altar of the Shining One.
 10188 | D:9      | Found a shimmering altar of Xom.
 10189 | D:9      | Found a white marble altar of Elyvilon.
 10200 | D:9      | Found an ornate altar of the Wu Jian Council.
 10308 | D:10     | Entered Level 10 of the Dungeon
 10447 | D:10     | Identified a ring "Plog" {Ice +Blink rElec rN+ rCorr Int+5}
 10677 | D:10     | Found a staircase to the Lair.
 10777 | D:10     | Found Mugezya's Weapon Shoppe.
 10786 | D:10     | Bought a +0 shortbow of flaming for 125 gold pieces
 10903 | D:11     | You fall into a shaft and drop 2 floors!
 10926 | D:13     | Noticed a centaur warrior
 10941 | D:13     | Killed a centaur warrior
 10964 | D:13     | Reached skill level 14 in Long Blades
 11154 | D:13     | Noticed a centaur warrior
 11161 | D:13     | Killed a centaur warrior
 11316 | D:13     | Noticed a cyan ugly thing
 11324 | D:13     | Killed a cyan ugly thing
 11438 | D:13     | Reached * piety under Hepliaklqana
 11514 | D:13     | Reached skill level 10 in Fighting
 11516 | D:13     | Noticed Sonja
 11525 | D:13     | Noticed a boulder beetle
 11554 | Abyss:1  | a glowing shapeshifter changed into a moth of wrath
 11554 | Abyss:1  | Noticed a wretched star
 11554 | Abyss:1  | Noticed a tentacled starspawn
 11554 | Abyss:1  | Noticed a tentacled starspawn
 11554 | Abyss:1  | Noticed a starcursed mass
 11554 | Abyss:1  | Noticed a wretched star
 11554 | Abyss:1  | Noticed a tentacled monstrosity
 11554 | Abyss:1  | Noticed a tentacled starspawn
 11554 | Abyss:1  | Noticed a wretched star
 11554 | Abyss:1  | Noticed a tentacled monstrosity
 11554 | Abyss:1  | Found a corrupted altar of Lugonu.
 11554 | Abyss:1  | Found a transporter.
 11554 | Abyss:1  | Found a transporter.
 11554 | Abyss:1  | Cast into level 1 of the Abyss (Sonja)
 11562 | Abyss:1  | Slain by a tentacled starspawn

Illustrated notes

Levels and vault maps discovered:
D:1:      dpeg_arrival_castle, layout_loops_ring, serial_rivers,
          chequers_serial_rivers_micro_c, chequers_serial_rivers_large_b,
          chequers_serial_rivers_micro_e, chequers_serial_rivers_room_b,
          chequers_serial_rivers_micro_d, serial_park_tiny_2
D:2:      layout_basic, basic_altar, uniq_sigmund, uniq_natasha
D:3:      layout_rooms, ebering_ghost_rock_garden, uniq_jessica
D:4:      layout_loops_ring, ebering_ghost_inner_flame, kennysheep_minor_cross,
          nicolae_figureground_sparkle, uniq_ijyb, uniq_pikel, uniq_menkaure
D:5:      layout_basic, minmay_temple_entry_junction_2, uniq_prince_ribbit1
D:6:      layout_layer_cave, nicolae_ossuary_entry_ruins,
          kennysheep_flooded_box, abandoned_shop, doesnt_shop_hydraphobe,
          uniq_duvessa
D:7:      layout_loops_ring
D:8:      layout_gridville, serial_shops, shop, minmay_strange_pillars,
          nicolae_figureground_pulse
D:9:      cheibrodos_grave_circle, layout_loops_cross,
          nicolae_overflow_quartered_altars, lemuel_coloured_pillars_altar,
          fedhas_ov_isle_minmay, enter_bailey_6
D:10:     layout_roguey, lair_entry_dummy, serial_shops,
          nicolae_shop_pleasant_corner_grove
D:11:     layout_roguey, uniq_psyche, uniq_urug
D:13:     layout_loops_corners, uniq_sonja
Temple:   eino_temple_rhombus
Abyss:1:  base: D:11, gammafunk_corrupted_shrine

Skill      XL: |  1  2  3  4  5  6  7  8  9 10 11 |
---------------+----------------------------------+-----
Long Blades    | 4 5 6 7 9 11 12 14 | 14.4
Dodging        | 4 5 6 7 8 |  8.7
Fighting       | 3 4 5 6 8 10 | 10.0
Armour         | 1 3 4 6 7 8 9 |  9.8
Shields        | 1 3 4 5 6 7 |  7.2
Stealth        | 1 2 3 |  3.3
Throwing       | |  2.3

Action                     |  1- 3 |  4- 6 |  7- 9 | 10-12 || total
---------------------------+-------+-------+-------+-------++-------
  Melee: Long sword        |    77 |   130 |   228 |   377 ||   812
         Headbutt          |     7 |    21 |    41 |    97 ||   166
         Punch             |     1 |     1 |     4 |    12 ||    18
  Throw: Throwing net      |       |     2 |       |     1 ||     3
    Use: Scroll            |       |    14 |    11 |       ||    25
         Potion            |       |       |       |     3 ||     3
   Stab: Distracted        |       |       |     4 |     2 ||     6
 Armour: Leather armour    |    21 |     2 |       |       ||    23
         Ring mail         |       |    52 |    66 |    28 ||   146
         Chain mail        |       |       |       |   310 ||   310
  Dodge: Dodged            |    57 |    81 |    98 |   239 ||   475
  Block: Other             |    17 |    30 |    37 |   116 ||   200
         Reflection        |     1 |       |     2 |     4 ||     7
